 Dungeon Crawl Stone Soup version bcrawl-1.19.1 (webtiles) character file.

Game seed: 3921237577018066786

28 Niddhogr the Magician (level 2, 14/19 HPs)
             Began as a Demonspawn Wizard on Nov 30, 2019.
             Got out of the dungeon alive.
             The game lasted 00:03:45 (788 turns).

Niddhogr the Magician (Demonspawn Wizard)            Turns: 788, Time: 00:03:45

Health: 14/19      AC:  4    Str:  7    XL:     2   Next: 96%
Magic:  11/15      EV: 12    Int: 19    God:
Gold:   51         SH:  4    Dex: 11    Spells: 4/7 levels left

rFire    . . .     SeeInvis .   d - +0 short sword
rCold    . . .     Gourm    .   (no shield)
rNeg     . . .     Faith    .   b - +0 robe
rPois    .         Spirit   .   k - +0 helmet
rElec    .         Reflect  .   (no cloak)
rCorr    .         Harm     .   (no gloves)
MR       .....                  j - +0 pair of boots
Stlth    ++........             (no amulet)
HPRegen  0.06/turn              h - ring of magical power {MP+9}
MPRegen  0.14/turn              (no ring)

@: no status effects
A: large bone plates 1
a: no special abilities


You escaped.
You were not hungry.

You visited 1 branch of the dungeon, and saw 1 of its levels.

You collected 51 gold pieces.

Inventory:

Hand Weapons
 a - a +0 staff
 d - a +0 short sword (weapon)
Armour
 b - a +0 robe (worn)
 c - a +0 hat
 e - +0 ice dragon scales
 j - a +0 pair of boots (worn)
 k - a +0 helmet (worn)
Jewellery
 h - a ring of magical power (left hand) {MP+9}
 n - a +2 amulet of reflection {unknown}
Scrolls
 g - a scroll of blinking {unknown}
 l - a scroll of remove curse {unknown}
Potions
 m - a potion of curing {unknown}
Comestibles
 f - 2 rations {!d}
 i - 2 chunks of flesh


   Skills:
 - Level 1.7 Dodging
 - Level 2.0 Stealth
 - Level 3.0 Spellcasting
 + Level 3.0 Conjurations
   Level 1.0 Summonings
 - Level 0.8 Translocations


You had 4 spell levels left.
You knew the following spells:

 Your Spells              Type           Power        Failure   Level  Hunger
a - Magic Dart            Conj           ##..         4%          1    None
b - Blink                 Tloc           N/A          16%         2    ##.....

Your spell library contained the following spells:

 Spells                   Type           Power        Failure   Level  Hunger
 Call Imp                 Summ           #.....       16%         2    ##.....
 Conjure Flame            Conj/Fire      #.......     24%         3    ###....
 Mephitic Cloud           Conj/Pois/Air  #.......     30%         3    ###....
 Spider Form              Tmut/Pois      #..          41%         3    ###....


Dungeon Overview and Level Annotations

Branches:
Dungeon (1/12)

Altars:


Innate Abilities, Weirdness & Mutations

You are partially covered in large bone plates. (SH +4)


Message History

Quiver which item? (- for none, * to show all) (? for menu, Esc to quit)
Okay, then.
Unknown command.
Quiver which item? (- for none, * to show all) (? for menu, Esc to quit)
Okay, then.
Unknown command.
Unknown command.
Unknown command.
Unknown command.
Quiver which item? (- for none, * to show all) (? for menu, Esc to quit)
You don't have any such object.
Quiver which item? (- for none, * to show all) (? for menu, Esc to quit)
Okay, then.
You see here a dart slug corpse.
You open the door. You open the door.
There is an open door here.
There is a staircase leading out of the dungeon here.
Are you sure you want to leave the Dungeon?
This will make you lose the game!
You have escaped!

#.###...#...... ####.
..#.#.......# ########.
#.......#.#.# . .........÷
###..##.....# .###..........
#.........# ..............
#...####..##++++++.#...!.......
###..)#.......+....+.#..........#
.....K##.##.#.'....+.#..........#
.##...#..[..#.'.@..'.#..........#
.##.#.#######.'....'.............
..#.#..)).....++'+++##.......†..#
..#.#.......#+#.....##.......####
..#.#.................###.......#
....#.................+ +.......#
.####.................# #.......#
.#########............# #.......#
##.......#............# #.......#


There were no monsters in sight!

Levels and vault maps discovered:
D:1:      lightli_arrival_maybe_door_vault, layout_basic

Notes
Turn   | Place    | Note
-------+----------+-------------------------------------------
     0 | D:1      | Niddhogr the Demonspawn Wizard began the quest for the Orb.
     0 | D:1      | Reached XP level 1. HP: 13/13 MP: 4/4
   162 | D:1      | Identified a +0 short sword
   163 | D:1      | Identified a +0 short sword
   166 | D:1      | Identified a +0 short sword
   196 | D:1      | Identified a +0 whip
   228 | D:1      | Reached skill level 2 in Conjurations
   261 | D:1      | Gained mutation: You are partially covered in large bone
                  | plates. (SH +4) [demonic ancestry]
   261 | D:1      | Reached XP level 2. HP: 13/19 MP: 1/6
   383 | D:1      | Identified a ring of magical power (You found it on level 1
                  | of the Dungeon)
   459 | D:1      | Identified a +0 club
   461 | D:1      | Identified a +0 club
   691 | D:1      | Identified a +0 helmet (You found it on level 1 of the
                  | Dungeon)
   696 | D:1      | Identified a +0 pair of boots (You found it on level 1 of
                  | the Dungeon)
   751 | D:1      | Learned a level 2 spell: Blink
   766 | D:1      | Reached skill level 3 in Conjurations
   788 | D:$      | Got out of the dungeon alive.

Table legend:
 A = Turns spent in this place as a percentage of turns spent in the entire game.
 B = Non-inter-level travel turns spent in this place as a percentage of non-inter-level travel turns spent in the entire game.
 C = Inter-level travel turns spent in this place as a percentage of turns spent in this place.
 D = Turns resting spent in this place as a percentage of non-inter-level travel turns spent in this place.
 E = Turns spent auto-exploring this place as a percentage of non-inter-level travel turns spent in this place.
 F = Non-inter-level travel turns spent in this place divided by the number of levels of this place that you've seen.
                   A       B       C       D       E      F
               +-------+-------+-------+-------+-------+----------------------
         Total | 100.0 | 100.0 |   0.0 |   0.6 |  69.7 | 788.0
       Dungeon | 100.0 | 100.0 |   0.0 |   0.6 |  69.7 | 788.0
               +-------+-------+-------+-------+-------+----------------------

Table legend:
 A = Kills in this place as a percentage of kills in entire the game.
 B = Kills by you in this place as a percentage of kills by you in the entire game.
 C = Kills by friends in this place as a percentage of kills by friends in the entire game.
 D = Other kills in this place as a percentage of other kills in the entire game.
 E = Experience gained in this place as a percentage of experience gained in the entire game.
 F = Experience gained in this place divided by the number of levels of this place that you have seen.
                   A       B       C       D       E      F
               +-------+-------+-------+-------+-------+----------------------
         Total | 100.0 | 100.0 |   N/A |   N/A | 100.0 |  40.0
       Dungeon | 100.0 | 100.0 |   N/A |   N/A | 100.0 |  40.0
               +-------+-------+-------+-------+-------+----------------------

Skill      XL: |  1  2 |
---------------+-------+-----
Conjurations   | 2 3 |  3.0
Dodging        | |  1.7
Stealth        | |  2.0
Spellcasting   | |  3.0
Summonings     | |  1.0
Translocations | |  0.8

Action                   || total
-------------------------++-------
Melee: Staff             ||     7
       Short sword       ||     9
 Cast: Magic Dart        ||    45
Armor: Robe              ||     7
Dodge: Dodged            ||    20
Block: Other             ||     1

Vanquished Creatures
  An ooze (D:1)
  A dart slug (D:1)
  3 leopard geckos (D:1)
  2 bats (D:1)
  2 hobgoblins (D:1)
  A frilled lizard (D:1)
  5 kobolds (D:1)
  4 rats (D:1)
19 creatures vanquished.
